Map: 2000 Atmospheres LE

Players

BlyOnFire (Bly) - Winner!

  • Race: Zerg Zerg

GunGFuBanDa

  • Race: Protoss Protoss
  • League: Grandmaster

Event: DreamHack SC2 Masters 2021 Summer

VOD

Have the link to the VOD?

Description

Time

  • Played on: May 30, 2021, 10:50 a.m.
  • Length: 7:08

All games in this series

Show
View Real Time Build Order
Export as new Build Order

BlyOnFire Zerg - Winner!

Build Orders: Hatch First 

Get SALT Encoding   

  12  0:00  Drone  
  13  0:13  Overlord  
  13  0:18  Drone  
  14  0:31  Drone x2  
  16  0:49  Hatchery  
  15  0:52  Drone  
  15  0:56  Drone  
  17  0:59  Drone  
  18  1:12  Extractor  
  18  1:15  Spawning Pool  
  18  1:17  Drone  
  17  1:20  Drone  
  18  1:28  Drone  
  19  1:40  Drone  
  20  1:51  Overlord  
  20  2:01  Queen x2  
  20  2:02  Zergling x4  
  26  2:14  Drone x2  
  28  2:16  Metabolic Boost  
  28  2:24  Drone  
  28  2:28  Drone  
  30  2:47  Hatchery  
  30  2:49  Queen  
  30  2:50  Overlord  
  30  2:54  Drone x2  
  30  2:55  Drone  
  33  3:01  Overlord  
  33  3:03  Zergling x2  
  33  3:13  Zergling x4  
  33  3:17  Zergling x4  
  33  3:18  Drone x3  
  36  3:46  Drone x8  
  36  3:47  Drone  
  44  3:53  Queen x2  
  47  4:08  Drone x5  
  52  4:15  Drone  
  52  4:16  Drone x2  
  55  4:18  Spore Crawler x2  
  55  4:21  Spore Crawler  
  52  4:29  Drone x4  
  56  4:34  Overlord  
  56  4:35  Overlord  
  56  4:41  Overlord x2  
  56  4:45  Overlord  
  56  4:50  Queen  
  57  4:54  Drone x4  
  57  4:55  Drone  
  57  4:56  Roach Warren  
  57  4:59  Extractor, Drone  
  63  5:00  Drone x2, Extractor  
  63  5:03  Queen  
  65  5:07  Drone x2  
  66  5:18  Drone x8  
  70  5:33  Lair  
  70  5:35  Drone x3  
  72  5:38  Roach  
  72  5:39  Roach x6  
  86  5:47  Overlord x2  
  86  5:56  Zergling x8  
  88  5:59  Extractor  
  88  6:00  Extractor  
  88  6:01  Overlord  
  88  6:02  Zergling x12  
  91  6:11  Zergling x12  
  97  6:19  Ravager x4  
  97  6:24  Zergling x6  
  104  6:29  Overlord  
  104  6:34  Zergling x14  
  110  6:43  Ravager x2  
  110  6:45  Zergling x6, Overlord  
  110  6:46  Overlord  
  113  6:47  Overseer  
Show
View Real Time Build Order
Export as new Build Order

GunGFuBanDa Protoss 

Build Orders: 1 Gate Expand, Oracle Opening 

Get SALT Encoding   

  12  0:00  Probe  
  13  0:12  Probe  
  14  0:17  Pylon  
  14  0:24  Probe (Chrono Boost)  
  16  0:37  Probe (Chrono Boost)  
  16  0:38  Gateway  
  16  0:43  Probe (Chrono Boost)  
  16  0:48  Assimilator  
  17  0:51  Probe  
  18  1:03  Probe  
  19  1:15  Probe  
  20  1:24  Nexus  
  20  1:35  Cybernetics Core  
  20  1:37  Probe  
  21  1:45  Assimilator  
  21  1:49  Probe  
  21  1:53  Pylon  
  22  2:01  Probe (Chrono Boost)  
  23  2:08  Adept (Chrono Boost)  
  23  2:13  Probe (Chrono Boost)  
  26  2:21  Probe (Chrono Boost)  
  26  2:22  Stargate  
  27  2:27  Probe  
  28  2:31  Warp Gate  
  28  2:36  Adept  
  30  2:37  Probe (Chrono Boost)  
  32  2:45  Probe (Chrono Boost)  
  32  2:48  Probe (Chrono Boost)  
  33  2:53  Probe (Chrono Boost)  
  34  3:02  Probe  
  34  3:03  Probe, Oracle (Chrono Boost)  
  34  3:11  Adept  
  39  3:14  Probe  
  39  3:16  Probe  
  39  3:17  Gateway  
  41  3:23  Pylon  
  41  3:26  Probe  
  42  3:28  Probe  
  43  3:38  Probe  
  43  3:40  Probe  
  44  3:42  Oracle (Chrono Boost)  
  41  3:50  Probe  
  41  3:52  Probe  
  44  4:02  Probe  
  44  4:04  Probe  
  44  4:09  Oracle (Chrono Boost)  
  45  4:12  Pylon  
  45  4:14  Probe  
  45  4:16  Probe  
  50  4:20  Adept  
  50  4:21  Zealot  
  54  4:28  Nexus  
  54  4:30  Probe x2  
  56  4:33  Pylon  
  56  4:39  Assimilator  
  56  4:41  Assimilator  
  56  4:42  Stalker  
  56  4:43  Probe x2  
  60  4:55  Probe (Chrono Boost), Forge  
  60  4:56  Probe (Chrono Boost)  
  60  4:57  Twilight Council  
  63  5:07  Probe (Chrono Boost)  
  63  5:09  Sentry  
  63  5:12  Shield Battery  
  63  5:13  Probe (Chrono Boost), Pylon  
  66  5:15  Probe (Chrono Boost)  
  66  5:19  Probe  
  68  5:21  Probe (Chrono Boost)  
  69  5:32  Probe (Chrono Boost)  
  69  5:38  Robotics Facility  
  69  5:39  Probe (Chrono Boost)  
  69  5:40  Shield Battery  
  69  5:41  Probe (Chrono Boost)  
  70  5:47  Probe (Chrono Boost)  
  73  5:50  Probe (Chrono Boost)  
  73  5:51  Probe (Chrono Boost)  
  73  5:56  Stalker  
  76  5:57  Probe (Chrono Boost)  
  76  6:00  Probe x2 (Chrono Boost)  
  76  6:02  Probe (Chrono Boost), Assimilator  
  79  6:07  Assimilator  
  79  6:09  Probe  
  79  6:10  Probe, Dark Shrine  
  78  6:14  Probe  
  78  6:16  Sentry  
  81  6:20  Gateway  
  81  6:21  Probe  
  81  6:22  Probe, Pylon, Immortal (Chrono Boost)  
  87  6:26  Probe  
  88  6:34  Probe x2, Photon Cannon  
  88  6:35  Pylon  
  88  6:38  Probe  
  88  6:40  Stalker x2  
  88  6:45  Shield Battery  
  88  6:46  Probe x2  
Tags
 
Add a new tag
Caveats
  • Supply blocks, unpowered buildings, or Contaminate may cause inaccurate times.
  • Supply counts are checked every 10 seconds.